 Dungeon Crawl Stone Soup version 0.17-a0-2027-gcac42c4 (webtiles) character file.

921 radek the Archer (level 7, -5/56 HPs)
             Began as a Centaur Hunter on Oct 10, 2015.
             Slain by a centaur (6 damage)
             ... on level 5 of the Dungeon.
             The game lasted 00:25:36 (4371 turns).

radek the Archer (Centaur Hunter)                   Turns: 4371, Time: 00:25:37

Health: -5/56      AC:  5    Str: 15    XL:     7   Next: 84%
Magic:  7/7        EV: 14    Int: 13    God:
Gold:   244        SH:  0    Dex: 11    Spells: 0 memorised, 6 levels left

rFire  . . .     SeeInvis .     a - +2 shortbow
rCold  . . .     Clarity  .     d - +0 leather armour
rNeg   . . .     SustAt   .     (no shield)
rPois  .         Gourm    .     (no helmet)
rElec  .         Spirit   .     i - -1 cloak
rCorr  .         Warding  .     p - +0 pair of gloves
rMut   .         Stasis   .     (no barding)
MR     .....                    (no amulet)
Stlth  +.........               q - +3 ring of intelligence
                                A - +5 ring of evasion

@: very quick, not resistant to hostile enchantments, very unstealthy
A: hooves 3, deformed body, speed 2, tough skin 3
a: no special abilities


You were on level 5 of the Dungeon.
You were not hungry.

You visited 1 branch of the dungeon, and saw 5 of its levels.

You collected 244 gold pieces.

Inventory:

Hand Weapons
 a - a +2 shortbow (weapon)
 c - a +0 short sword
Missiles
 b - an arrow (quivered)
Armour
 d - a +0 leather armour (worn)
 i - a -1 cloak (worn)
 m - a +0 robe
 n - a +0 ring mail
 o - a +0 scale mail
 p - a +0 pair of gloves (worn)
 s - a +0 leather armour
 C - a +0 leather armour
Jewellery
 q - a +3 ring of intelligence (right hand)
 t - an uncursed ring of loudness
 A - a +5 ring of evasion (left hand)
 D - an uncursed ring of stealth
Wands
 I - a wand of flame (3)
Scrolls
 f - 8 scrolls of identify
 h - 2 scrolls of enchant weapon
 k - a scroll of remove curse
 r - a scroll of magic mapping
 u - 3 scrolls of teleportation
 y - 2 scrolls of amnesia
 F - a scroll of vulnerability {unknown}
 H - a scroll of fog {unknown}
 L - a scroll of blinking {unknown}
Potions
 j - a potion of ambrosia
 w - 2 potions of heal wounds {unknown}
 x - a potion of resistance {unknown}
 z - a potion of degeneration {unknown}
 B - 2 potions of haste {unknown}
 E - a potion of invisibility {unknown}
 G - a potion of poison {unknown}
 J - a potion of brilliance {unknown}
Comestibles
 e - 5 bread rations
 v - 4 fruits


   Skills:
 + Level 2.3 Fighting
 + Level 11.5 Bows
 + Level 2.0 Armour
 + Level 2.1 Dodging
 + Level 0.7 Stealth


You had 6 spell levels left.
You didn't know any spells.

Dungeon Overview and Level Annotations

Branches:
Dungeon (5/15)
 Temple: D:4-7

Altars:
Dithmenos
Gozag
Qazlal


Innate Abilities, Weirdness & Mutations

You have hooves in place of feet.
Armour fits poorly on your strangely shaped body.
You cover ground very quickly.
You have extremely tough skin (AC +3).


Message History

You clumsily bash the centaur but do no damage.
You kick the centaur.
The centaur is almost dead.
The centaur hits you but does no damage.
The centaur misses you. x2
You clumsily bash the centaur but do no damage.
You kick the centaur, but do no damage.
The centaur is almost dead.
The centaur closely misses you. The centaur hits you.
* * * LOW HITPOINT WARNING * * *
You clumsily bash the centaur but do no damage.
You kick the centaur, but do no damage.
The centaur is almost dead.
The centaur misses you. The centaur hits you!
* * * LOW HITPOINT WARNING * * *
You clumsily bash the centaur but do no damage.
Your kick misses the centaur.
The centaur is almost dead.
The centaur hits you.
You die...

###.#...####.........###....#.##.
# #....## ##.......## #.#....##.
# ###.## ##.....## #.##..###. #
#c# ##...## #..[...... #.# ##'##
#####.#### #.# #.# #.# #.# #.#
#.# #.# ##.## #.# #(# ##c@.## #.#
#.########.....# #.#
#..c......#...## #.#
#.#######.##)## ######.#
#.....###.##.######......#
#.###...............######
#.#######.##.########
#.........##.# ############.#


You could see a centaur.

Vanquished Creatures
  Prince Ribbit (D:5)
  Menkaure (D:5)
  Duvessa (D:5)
  A scorpion (D:5)
  Dowan (D:5)
  An orc priest (D:3)
  A jelly (D:5)
  3 worker ants
  A centaur skeleton (D:4)
  Terence (D:2)
  2 orc wizards (D:4)
  A hound zombie (D:5)
  9 adders
  3 worms
  3 giant geckos
  7 orcs
  8 goblins
  6 hobgoblins
  A quokka (D:4)
  3 ball pythons
  4 bats
  5 giant cockroaches
  2 giant newts
  4 kobolds
  8 rats
78 creatures vanquished.

Notes
Turn   | Place    | Note
--------------------------------------------------------------
     0 | D:1      | radek the Centaur Hunter began the quest for the Orb.
     0 | D:1      | Reached XP level 1. HP: 17/17 MP: 1/1
   282 | D:1      | Reached XP level 2. HP: 24/24 MP: 2/2
   407 | D:1      | Reached skill level 6 in Bows
   640 | D:2      | Found an opulent altar of Gozag.
   920 | D:2      | Reached XP level 3. HP: 29/29 MP: 3/3
   957 | D:2      | Noticed Terence
  1005 | D:2      | Killed Terence
  1005 | D:2      | Reached skill level 7 in Bows
  1005 | D:2      | Reached XP level 4. HP: 33/36 MP: 4/4
  1830 | D:3      | Reached XP level 5. HP: 37/41 MP: 5/5
  1832 | D:3      | Reached skill level 8 in Bows
  2296 | D:4      | Found a shadowy altar of Dithmenos.
  2684 | D:4      | Reached skill level 1 in Armour
  2822 | D:4      | Reached skill level 9 in Bows
  2822 | D:4      | Reached XP level 6. HP: 43/49 MP: 6/6
  3040 | D:4      | Found a stormy altar of Qazlal.
  3082 | D:5      | Entered Level 5 of the Dungeon
  3273 | D:5      | Noticed Duvessa
  3275 | D:5      | Noticed Dowan
  3292 | D:5      | Killed Dowan
  3309 | D:5      | Killed Duvessa
  3309 | D:5      | Reached skill level 10 in Bows
  3309 | D:5      | Reached XP level 7. HP: 40/56 MP: 7/7
  3371 | D:5      | Noticed Menkaure
  3378 | D:5      | Killed Menkaure
  3475 | D:5      | Noticed Prince Ribbit
  3658 | D:5      | Killed Prince Ribbit
  3658 | D:5      | Reached skill level 11 in Bows
  4370 | D:5      | HP: 1/56 [centaur (8)]
  4371 | D:5      | Slain by a centaur

Vault maps used:
D:1:      onia_arrival_pyramid
D:2:      old_standard_altar, uniq_terence
D:4:      grunt_dithmenos_smoke, lemuel_coloured_pillars_altar, serial_bayou,
          serial_bayou_pond_e, serial_bayou_pond_e, serial_bayou_pond_d,
          serial_bayou_lagoon_b, serial_bayou_pond_a
D:5:      first_bread, nrook_mini_backslash, uniq_menkaure, uniq_prince_ribbit1,
          uniq_duvessa

Action                   |  1- 3 |  4- 6 |  7- 9 || total
-------------------------+-------+-------+-------++-------
Melee: Shortbow          |       |       |    32 ||    32
 Fire: Shortbow          |   111 |   180 |    57 ||   348
  Use: Potion            |     1 |       |     3 ||     4
       Scroll            |       |     8 |       ||     8
  Eat: Royal jelly       |       |     1 |       ||     1
       Bread ration      |       |     1 |     1 ||     2
